AoeStats
← 用户1623433

Arena

510297406Analyzed
4v4 RM · 3d ago on Sep 30, 2026· 43m 23s· 8 players
Game mode
Random Map
Map size
Large (8 player)
Population
200
Speed
Normal
Resources
Standard
Victory
Conquest
Starting age
Dark Age
Ending age
Imperial Age
RankedLock teamsTeams togetherTeam positionsShared explorationLock speedFull tech treeHidden civsTurbo modeCheats
Victory
Defeat
🇹🇼 Poles · Taiwan
1251
+13
🇹🇼 Italians · Taiwan
1251
+13
🇲🇽 Byzantines · Mexico
1202
+15
🇹🇷 Danes · Türkiye
1190
+16
🇨🇳 Georgians · China
1233
-16
🇨🇳 Varangians · China
1199
-15
🇨🇳 Turks · China
1161
-13
🇹🇼 Shu · Taiwan
1160
-13
1361331795
0:33 Loom
10:45 Feudal Age
15:14 Castle Age
13:02 Horse Collar
14:08 Double-Bit Axe
23:57 Heavy Plow
25:42 Wheelbarrow
25:22 Bow Saw
29:00 Imperial Age
26:54 Hand Cart
27:56 Gold Mining
29:29 Stone Mining
30:46 Forging
30:41 Scale Barding Armor
31:16 Squires
30:37 Pikeman
31:04 Arson
34:01 Iron Casting
33:26 Scale Mail Armor
33:50 Town Watch
35:22 Halberdier
用户1623433
13:11 Feudal Age
16:32 Castle Age
15:08 Double-Bit Axe
21:22 Imperial Age
20:34 Gold Mining
23:36 Ballistics
Antinomy
7:23 Loom
10:27 Feudal Age
14:27 Castle Age
12:51 Double-Bit Axe
13:40 Horse Collar
21:29 Bow Saw
23:00 Heavy Plow
23:11 Stone Mining
24:03 Wheelbarrow
25:32 Gold Mining
26:19 Stone Shaft Mining
26:25 Stone Shaft Mining
30:26 Imperial Age
27:44 Town Watch
27:52 Treadmill Crane
28:24 Fortified Wall
28:50 Scale Barding Armor
28:56 Forging
29:19 Hand Cart
30:29 Murder Holes
30:56 Bloodlines
30:47 Husbandry
31:10 Chain Barding Armor
31:40 Conscription
32:11 Iron Casting
32:36 Plate Barding Armor
32:38 Elite Monaspa
35:11 Blast Furnace
36:52 Masonry
37:03 Ballistics
36:34 Guard Tower
37:19 Fletching
38:39 Svan Towers
38:26 Arrowslits
40:25 Keep
39:58 Bodkin Arrow
40:42 Bracer
41:21 Architecture
44:10 Chemistry
NaCl
11:13 Feudal Age
10:44 Loom
16:33 Castle Age
14:45 Double-Bit Axe
14:46 Horse Collar
17:44 Bow Saw
18:08 Heavy Plow
24:24 Wheelbarrow
24:27 Ballistics
24:03 Crossbowman
25:32 Treadmill Crane
26:39 Gold Mining
30:55 Imperial Age
28:26 Fletching
29:12 Thumb Ring
29:11 Padded Archer Armor
29:07 Bodkin Arrow
30:45 Leather Archer Armor
29:55 Elite Skirmisher
32:37 Chemistry
31:52 Bolt Magazine
32:58 Conscription
33:19 Bracer
34:11 Hand Cart
34:33 Ring Archer Armor
34:52 Guard Tower
34:48 Arrowslits
35:17 Fortified Wall
35:34 Murder Holes
36:28 Arbalester
37:21 Siege Engineers
37:27 Masonry
41:19 Architecture
BinLuJHOU
11:32 Feudal Age
9:48 Loom
16:01 Castle Age
14:09 Horse Collar
14:46 Double-Bit Axe
17:12 Bow Saw
17:35 Heavy Plow
20:04 Wheelbarrow
20:30 Town Watch
24:29 Gold Mining
24:30 Stone Mining
28:31 Imperial Age
26:38 Hand Cart
26:59 Scale Barding Armor
26:51 Fletching
27:19 Bloodlines
28:14 Szlachta Privileges
28:39 Ballistics
28:41 Forging
28:39 Husbandry
29:36 Conscription
29:19 Cavalier
31:29 Crossbowman
32:48 Iron Casting
33:01 Thumb Ring
34:02 Hoardings
34:16 Light Cavalry
34:20 Arbalester
35:35 Bodkin Arrow
35:40 Padded Archer Armor
36:01 Chain Barding Armor
36:21 Winged Hussar
38:00 Crop Rotation
37:47 Masonry
38:38 Chemistry
37:34 Murder Holes
37:58 Leather Archer Armor
39:18 Bracer
40:19 Blast Furnace
41:09 Scale Mail Armor
41:27 Siege Engineers
41:04 Treadmill Crane
43:14 Town Patrol
BuyingJester79
2:31 Loom
10:27 Feudal Age
14:47 Castle Age
13:16 Double-Bit Axe
13:24 Fletching
14:15 Horse Collar
15:06 Town Watch
26:16 Wheelbarrow
31:02 Imperial Age
29:28 Bodkin Arrow
30:22 Bow Saw
32:30 Gold Mining
35:21 Padded Archer Armor
36:48 Pikeman
37:28 Squires
38:53 Hand Cart
38:27 Arson
39:05 Silk Road
39:08 Conscription
40:03 Scale Mail Armor
41:07 Bracer
41:18 Forging
43:58 Chemistry
43:19 Ballistics
42:34 Elite Genoese Crossbowman
b² - 4ac
11:33 Feudal Age
16:08 Castle Age
14:01 Horse Collar
15:44 Double-Bit Axe
25:53 Bow Saw
26:36 Scale Mail Armor
26:46 Forging
27:12 Pikeman
27:59 Squires
29:22 Wheelbarrow
32:35 Imperial Age
33:07 Chain Mail Armor
33:28 Iron Casting
32:47 Man-at-Arms
32:49 Halberdier
33:50 Capped Ram
34:08 Elite Varangian Guard
41:26 Gambesons
41:27 Arson
44:18 Conscription
yenese
10:40 Feudal Age
12:20 Double-Bit Axe
14:56 Castle Age
12:50 Horse Collar
16:02 Bow Saw
15:54 Heavy Plow
15:44 Loom
22:04 Wheelbarrow
22:57 Gold Mining
23:57 Loom
26:09 Hand Cart
28:37 Imperial Age
25:59 Arson
27:52 Scale Mail Armor
28:02 Forging
27:57 Squires
27:43 Gambesons
29:29 Chain Mail Armor
28:37 Pikeman
28:39 Elite Varangian Guard
29:16 Onager
31:10 Halberdier
32:20 Caravan
32:38 Siege Onager
33:44 Ballistics
34:25 Chemistry
34:20 Siege Engineers
34:27 Masonry
39:59 Northmen's Fury
41:43 Murder Holes
Connection lost

Rejoining the realm…

Still unreachable

The connection could not be restored.

Session expired

The server has moved on; the page needs a fresh start.